NCAA
KANSAS JAYHAWKS @ GEORGIA TECH YELLOW JACKETS
04/06/2023
 
TOP OF THE 1ST
Kansas Jayhawks batting - Pitching for Georgia Tech Yellow Jackets : RHP Mark Anderson
Pitching: RHP Mark Anderson
Batting: SHB Rudy Ryan 0-0: Called Strike
0-1: Ball
1-1: Ball
2-1: Ball
3-1: Swinging Strike
3-2: Foul Ball, location: 2F
3-2: Strikes out looking
Batting: RHB Domingo Hernández 0-0: Called Strike
0-1: Foul Ball, location: 2F
0-2: Ball
1-2: Ball
2-2: Strikes out swinging
Batting: LHB Juan Mendoza 0-0: Ball
1-0: Foul Ball, location: 2F
1-1: Ball
2-1: Foul Ball, location: 2F
2-2: Foul Ball, location: 2F
2-2: Ball
3-2: Foul Ball, location: 2F
3-2: Strikes out looking
Top of the 1st over - 0 run(s), 0 hit(s), 0 error(s), 0 left on base; Kansas 0 - Georgia Tech 0
BOTTOM OF THE 1ST
Georgia Tech Yellow Jackets batting - Pitching for Kansas Jayhawks : LHP Craig Sturdy
Pitching: LHP Craig Sturdy
Batting: RHB Flint Todd 0-0: Foul Ball, location: 2F
0-1: Ground out 5-3 (Groundball, 5L)
Batting: SHB Alfonso Escasán 0-0: Ball
1-0: Ground out 5-3 (Groundball, 56S)
Batting: RHB Brian Cannon 0-0: Foul Ball, location: 2F
0-1: Foul Ball, location: 2F
0-2: Ball
1-2: Foul Ball, location: 2F
1-2: SINGLE (Flyball, 8RS)
Batting: RHB Luis Antonio Cuevas 0-0: Ball
Wild Pitch!
Brian Cannon to second
1-0: Ball
2-0: Called Strike
2-1: Foul Ball, location: 2F
2-2: Ball
3-2: Strikes out swinging
Bottom of the 1st over - 0 run(s), 1 hit(s), 0 error(s), 1 left on base; Kansas 0 - Georgia Tech 0
TOP OF THE 2ND
Kansas Jayhawks batting - Pitching for Georgia Tech Yellow Jackets : RHP Mark Anderson
Batting: LHB Robert Moore 0-0: Called Strike
0-1: Foul Ball, location: 2F
0-2: Ball
1-2: Strikes out looking
Batting: LHB Greg Nelson 0-0: Called Strike
0-1: Foul Ball, location: 2F
0-2: Ball
1-2: Strikes out swinging
Batting: RHB Ken Longoria 0-0: Called Strike
0-1: Ball
1-1: Foul Ball, location: 2F
1-2: Strikes out swinging
Top of the 2nd over - 0 run(s), 0 hit(s), 0 error(s), 0 left on base; Kansas 0 - Georgia Tech 0
BOTTOM OF THE 2ND
Georgia Tech Yellow Jackets batting - Pitching for Kansas Jayhawks : LHP Craig Sturdy
Batting: RHB Jonny Lord 0-0: Ball
1-0: Swinging Strike
1-1: Ball
2-1: SINGLE (Groundball, 56D)
Batting: LHB Alan Moore 0-0: Ball
1-0: Called Strike
1-1: Foul Ball, location: 2F
1-2: Ball
2-2: Ground out 3-1 (Groundball, 34)
Jonny Lord to second
Batting: RHB John Smith 0-0: Ball
1-0: Swinging Strike
1-1: Foul Ball, location: 2F
1-2: Strikes out swinging
Batting: SHB Ramón Valdés 0-0: Ball
1-0: Ground out 1-3 (Groundball, 13S)
Bottom of the 2nd over - 0 run(s), 1 hit(s), 0 error(s), 1 left on base; Kansas 0 - Georgia Tech 0
TOP OF THE 3RD
Kansas Jayhawks batting - Pitching for Georgia Tech Yellow Jackets : RHP Mark Anderson
Batting: RHB David Milligan 0-0: Swinging Strike
0-1: Swinging Strike
0-2: Ball
1-2: Foul Ball, location: 2F
1-2: Ball
2-2: Strikes out swinging
Batting: LHB John Christopher 0-0: Called Strike
0-1: Swinging Strike
0-2: Foul Ball, location: 2F
0-2: Foul Ball, location: 2F
0-2: Strikes out swinging
Batting: RHB Dave Harris 0-0: Called Strike
0-1: Ball
1-1: Ball
2-1: SINGLE (Groundball, 34D)
Batting: SHB Rudy Ryan 0-0: Ball
1-0: Ball
2-0: Ball
3-0: Called Strike
3-1: DOUBLE (Line Drive, 9LS)
Dave Harris to third
Runner from 3rd tries for Home, SAFE, no throw or cutoff
Batting: RHB Domingo Hernández 0-0: Ball
1-0: Ball
2-0: Ball
3-0: Base on Balls
Batting: LHB Juan Mendoza 0-0: Called Strike
0-1: Foul Ball, location: 2F
0-2: Ball
1-2: Strikes out swinging
Top of the 3rd over - 1 run(s), 2 hit(s), 0 error(s), 2 left on base; Kansas 1 - Georgia Tech 0
BOTTOM OF THE 3RD
Georgia Tech Yellow Jackets batting - Pitching for Kansas Jayhawks : LHP Craig Sturdy
Batting: LHB Héctor Soto 0-0: Called Strike
0-1: Ball
1-1: Foul Ball, location: 2F
1-2: Ball
2-2: SINGLE (Groundball, 13) (infield hit)
Batting: RHB Flint Todd 0-0: SINGLE (Groundball, 34D)
Héctor Soto to second
Runner from 2nd tries for 3rd, SAFE, throw made to third
Batting: SHB Alfonso Escasán 0-0: Called Strike
0-1: Ball
1-1: SINGLE (Groundball, 6MD)
Héctor Soto scores
Flint Todd to second
Batting: RHB Brian Cannon 0-0: Called Strike
0-1: Ball
1-1: Ground out U3 (Groundball, 3S)
Flint Todd to third
Alfonso Escasán to second
Batting: RHB Luis Antonio Cuevas 0-0: Ball
1-0: Swinging Strike
1-1: Ball
2-1: Fly out, F8 (Flyball, 8LM)
Runner from 3rd tags up, SCORES, no throw
Batting: RHB Jonny Lord 0-0: Ball
1-0: Called Strike
1-1: Foul Ball, location: 2F
1-2: Ball
2-2: Foul Ball, location: 2F
2-2: Foul Ball, location: 2F
2-2: SINGLE (Line Drive, 4MD)
Alfonso Escasán to third
Batting: LHB Alan Moore 0-0: Foul Ball, location: 2F
0-1: Fly out, F5 (Popup, 56)
Bottom of the 3rd over - 2 run(s), 4 hit(s), 0 error(s), 2 left on base; Kansas 1 - Georgia Tech 2
TOP OF THE 4TH
Kansas Jayhawks batting - Pitching for Georgia Tech Yellow Jackets : RHP Mark Anderson
Batting: LHB Robert Moore 0-0: Ball
1-0: Swinging Strike
1-1: Swinging Strike
1-2: Strikes out swinging
Batting: LHB Greg Nelson 0-0: Reached on error, E6 (Groundball, 6M)
Batting: RHB Ken Longoria 0-0: Called Strike
0-1: Ball
1-1: Ball
2-1: Fly out, F9 (Flyball, 9M)
Batting: RHB David Milligan 0-0: Ball
1-0: Ball
2-0: Ball
3-0: Base on Balls
Greg Nelson to second
Batting: LHB John Christopher 0-0: Foul Ball, location: 2F
0-1: Foul Ball, location: 2F
0-2: Foul Ball, location: 2F
0-2: Strikes out swinging
Top of the 4th over - 0 run(s), 0 hit(s), 1 error(s), 2 left on base; Kansas 1 - Georgia Tech 2
BOTTOM OF THE 4TH
Georgia Tech Yellow Jackets batting - Pitching for Kansas Jayhawks : LHP Craig Sturdy
Batting: RHB John Smith 0-0: Called Strike
0-1: Ball
1-1: Swinging Strike
1-2: Ball
2-2: Ball
3-2: Foul Ball, location: 2F
3-2: Fly out, F8 (Flyball, 8RM)
Batting: SHB Ramón Valdés 0-0: Called Strike
0-1: Ball
1-1: Foul Ball, location: 2F
1-2: Strikes out swinging
Batting: LHB Héctor Soto 0-0: Foul Ball, location: 2F
0-1: Ball
1-1: Ball
2-1: Swinging Strike
2-2: Ball
3-2: Base on Balls
Batting: RHB Flint Todd 0-0: Ball
1-0: Foul Ball, location: 2F
1-1: Ball
2-1: Foul Ball, location: 2F
2-2: SINGLE (Line Drive, 56)
Héctor Soto to second
Batting: SHB Alfonso Escasán 0-0: SINGLE (Line Drive, 34D)
Héctor Soto to third
Flint Todd to second
Runner from 3rd tries for Home, SAFE, no throw or cutoff
Batting: RHB Brian Cannon 0-0: Ball
1-0: Ball
2-0: Ground out 4-3 (Groundball, 4)
Bottom of the 4th over - 1 run(s), 2 hit(s), 0 error(s), 2 left on base; Kansas 1 - Georgia Tech 3
TOP OF THE 5TH
Kansas Jayhawks batting - Pitching for Georgia Tech Yellow Jackets : RHP Mark Anderson
Batting: RHB Dave Harris 0-0: Foul Ball, location: 2F
0-1: Ball
1-1: Ball
2-1: Foul Ball, location: 2F
2-2: Strikes out swinging
Pitching: RHP Johnathan Bates
Batting: SHB Rudy Ryan 0-0: Ball
1-0: Called Strike
1-1: Foul Ball, location: 2F
1-2: Foul Ball, location: 2F
1-2: Ball
2-2: Ball
3-2: Fly out, F6 (Popup, 6MD)
Batting: RHB Domingo Hernández 0-0: Fly out, F7 (Line Drive, 7M)
Top of the 5th over - 0 run(s), 0 hit(s), 0 error(s), 0 left on base; Kansas 1 - Georgia Tech 3
BOTTOM OF THE 5TH
Georgia Tech Yellow Jackets batting - Pitching for Kansas Jayhawks : LHP Craig Sturdy
Pitching: RHP William Houston
Batting: RHB Luis Antonio Cuevas 0-0: SINGLE (Groundball, 6MD)
Batting: RHB Jonny Lord 0-0: Called Strike
0-1: Ball
1-1: Grounds into double play, 1-6-3 (Groundball, 13)
Batting: LHB Alan Moore 0-0: Foul Ball, location: 2F
0-1: Foul Ball, location: 2F
0-2: Ball
1-2: Ball
2-2: Reached on error, E4 (Groundball, 4)
Batting: RHB John Smith 0-0: Swinging Strike
0-1: Ball
1-1: Swinging Strike
1-2: Ball
2-2: SINGLE (Groundball, 56D)
Alan Moore to second
Batting: SHB Ramón Valdés 0-0: Called Strike
0-1: Ball
1-1: Foul Ball, location: 2F
1-2: Ball
2-2: Foul Ball, location: 2F
2-2: Foul Ball, location: 2F
2-2: Foul Ball, location: 2F
2-2: Ball
3-2: Foul Ball, location: 2F
3-2: Base on Balls
Alan Moore to third
John Smith to second
Batting: LHB Héctor Soto 0-0: Called Strike
0-1: SINGLE (Line Drive, 4D)
Alan Moore scores
John Smith to third
Ramón Valdés to second
Runner from 3rd tries for Home, SAFE, no throw or cutoff
Batting: RHB Flint Todd 0-0: Swinging Strike
0-1: Swinging Strike
0-2: Foul Ball, location: 2F
0-2: Ball
1-2: Ball
2-2: Ball
3-2: Strikes out swinging
Bottom of the 5th over - 2 run(s), 3 hit(s), 1 error(s), 2 left on base; Kansas 1 - Georgia Tech 5
TOP OF THE 6TH
Kansas Jayhawks batting - Pitching for Georgia Tech Yellow Jackets : RHP Johnathan Bates
Batting: LHB Juan Mendoza 0-0: DOUBLE (Groundball, 3L)
Batting: LHB Robert Moore 0-0: Ball
1-0: Ball
2-0: Foul Ball, location: 2F
2-1: Foul Ball, location: 2F
2-2: Strikes out looking
Batting: LHB Greg Nelson 0-0: Called Strike
0-1: Ball
1-1: Foul Ball, location: 2F
1-2: Foul Ball, location: 2F
1-2: SINGLE (Line Drive, 9S)
Juan Mendoza to third
Batting: RHB Ken Longoria 0-0: Foul Ball, location: 2F
0-1: SINGLE (Flyball, 8RM)
Juan Mendoza scores
Greg Nelson to second
Batting: RHB David Milligan 0-0: Ball
1-0: Ball
2-0: Foul Ball, location: 2F
2-1: SINGLE (Popup, 6)
Greg Nelson to third
Ken Longoria to second
Runner from 3rd tries for Home, SAFE, throw made at trailing runner, OUT at third!
Batting: LHB John Christopher 0-0: Ball
1-0: Ball
2-0: Called Strike
2-1: Ball
3-1: Base on Balls
David Milligan to second
Pitching: RHP Aubrey Hudson
Batting: RHB Dave Harris 0-0: Ball
1-0: Ground out 6-3 (Groundball, 6)
Top of the 6th over - 2 run(s), 4 hit(s), 0 error(s), 2 left on base; Kansas 3 - Georgia Tech 5
BOTTOM OF THE 6TH
Georgia Tech Yellow Jackets batting - Pitching for Kansas Jayhawks : RHP William Houston
Batting: SHB Alfonso Escasán 0-0: Ball
1-0: Ball
2-0: Ball
3-0: Called Strike
3-1: Base on Balls
Pitching: RHP Arturo Rodríguez
Batting: RHB Brian Cannon 0-0: 2-RUN HOME RUN (Flyball, 7LD), Distance : 336 ft
Batting: RHB Luis Antonio Cuevas 0-0: Fly out, F8 (Flyball, 8LM)
Batting: RHB Jonny Lord 0-0: SINGLE (Groundball, 34S)
Batting: LHB Alan Moore 0-0: Foul Ball, location: 2F
0-1: Ball
1-1: Foul Ball, location: 2F
1-2: Foul Ball, location: 2F
1-2: Ball
2-2: Foul Ball, location: 2F
2-2: Ball
3-2: Ground out 5-3 (Groundball, 5S)
Jonny Lord to second
Batting: RHB John Smith 0-0: Called Strike
0-1: Swinging Strike
0-2: Fly out, F9 (Flyball, 89M)
Bottom of the 6th over - 2 run(s), 2 hit(s), 0 error(s), 1 left on base; Kansas 3 - Georgia Tech 7
TOP OF THE 7TH
Kansas Jayhawks batting - Pitching for Georgia Tech Yellow Jackets : RHP Aubrey Hudson
Batting: SHB Rudy Ryan 0-0: DOUBLE (Line Drive, 89M)
Batting: RHB Domingo Hernández 0-0: Ball
1-0: Swinging Strike
1-1: Foul Ball, location: 2F
1-2: Strikes out swinging
Batting: LHB Juan Mendoza 0-0: Called Strike
0-1: Swinging Strike
0-2: Ball
1-2: Strikes out looking
Batting: LHB Robert Moore 0-0: Fly out, F6 (Popup, 4M)
Top of the 7th over - 0 run(s), 1 hit(s), 0 error(s), 1 left on base; Kansas 3 - Georgia Tech 7
BOTTOM OF THE 7TH
Georgia Tech Yellow Jackets batting - Pitching for Kansas Jayhawks : RHP Arturo Rodríguez
Batting: SHB Ramón Valdés 0-0: Foul Ball, location: 2F
0-1: Ball
1-1: Ball
2-1: Ball
3-1: Ground out 6-3 (Groundball, 6M)
Batting: LHB Héctor Soto 0-0: Swinging Strike
0-1: Called Strike
0-2: Ball
1-2: Fly out, F6 (Popup, 56D)
Batting: RHB Flint Todd 0-0: Ball
1-0: SOLO HOME RUN (Flyball, 7LD), Distance : 321 ft
Batting: SHB Alfonso Escasán 0-0: Called Strike
0-1: SINGLE (Groundball, 4MD)
Batting: RHB Brian Cannon 0-0: Fielders Choice at 2nd, U6 (Groundball, 6M)
Bottom of the 7th over - 1 run(s), 2 hit(s), 0 error(s), 1 left on base; Kansas 3 - Georgia Tech 8
TOP OF THE 8TH
Kansas Jayhawks batting - Pitching for Georgia Tech Yellow Jackets : RHP Aubrey Hudson
Now at C: Steven Williams
Now in CF: Brendon Little
Batting: LHB Greg Nelson 0-0: SOLO HOME RUN (Flyball, 89XD), Distance : 382 ft
Batting: RHB Ken Longoria 0-0: Foul Ball, location: 2F
0-1: Foul Ball, location: 2F
0-2: Ball
1-2: Ball
2-2: Strikes out looking
Batting: RHB David Milligan 0-0: Foul Ball, location: 2F
0-1: Foul Ball, location: 2F
0-2: Strikes out looking
Batting: LHB John Christopher 0-0: Ball
1-0: Foul Ball, location: 2F
1-1: Ball
2-1: Foul Ball, location: 2F
2-2: Ball
3-2: Strikes out swinging
Top of the 8th over - 1 run(s), 1 hit(s), 0 error(s), 0 left on base; Kansas 4 - Georgia Tech 8
BOTTOM OF THE 8TH
Georgia Tech Yellow Jackets batting - Pitching for Kansas Jayhawks : RHP Arturo Rodríguez
Pitching: LHP Jake Long
Batting: RHB Luis Antonio Cuevas 0-0: Ball
1-0: Called Strike
1-1: Ball
2-1: Ball
3-1: Base on Balls
Batting: RHB Jonny Lord 0-0: Ball
1-0: Ball
2-0: Foul Ball, location: 2F
2-1: Foul Ball, location: 2F
2-2: Strikes out swinging
Batting: LHB Alan Moore 0-0: Fly out, F9 (Flyball, 9LM)
Batting: RHB John Smith 0-0: Called Strike
0-1: Called Strike
0-2: Strikes out looking
Bottom of the 8th over - 0 run(s), 0 hit(s), 0 error(s), 1 left on base; Kansas 4 - Georgia Tech 8
TOP OF THE 9TH
Kansas Jayhawks batting - Pitching for Georgia Tech Yellow Jackets : RHP Aubrey Hudson
Batting: RHB Dave Harris 0-0: Called Strike
0-1: Foul Ball, location: 2F
0-2: Ball
1-2: Strikes out swinging
Batting: SHB Rudy Ryan 0-0: Ball
1-0: Ground out 1-3 (Groundball, 15)
Batting: RHB Domingo Hernández 0-0: Swinging Strike
0-1: Ball
1-1: Ball
2-1: Foul Ball, location: 2F
2-2: Strikes out looking
Top of the 9th over - 0 run(s), 0 hit(s), 0 error(s), 0 left on base; Kansas 4 - Georgia Tech 8
This league is powered by Out of the Park Baseball, the baseball management simulation game for PC, Mac and Linux
Wednesday, December 2nd, 2015 - OOTP Baseball 16.8 Build 38